 Dungeon Crawl Stone Soup version 0.23.2-33-g5129a83184 (webtiles) character file.

Game seed: 1721754696770043180

1878 AarnesTheHuman the Nimble (level 9, -3/66 HPs)
             Began as a Merfolk Venom Mage on July 31, 2019.
             Slain by a wight
             ... wielding a +4 spear
              (12 damage)
             ... on level 7 of the Dungeon.
             The game lasted 00:25:27 (6523 turns).

AarnesTheHuman the Nimble (Merfolk Venom Mage)      Turns: 6523, Time: 00:25:28

Health: -3/66      AC:  8    Str:  8    XL:     9   Next: 14%
Magic:  17/17      EV: 17    Int: 17    God:
Gold:   430        SH:  0    Dex: 15    Spells: 9/19 levels left

rFire    . . .     SeeInvis .   g - +2 mace (holy)
rCold    . . .     Gourm    .   (no shield)
rNeg     + . .     Faith    .   f - +2 robe {rN+}
rPois    .         Spirit   .   (no helmet)
rElec    .         Reflect  .   (no cloak)
rCorr    .         Harm     .   (no gloves)
MR       .....                  (no boots)
Stlth    ++........             (no amulet)
HPRegen  0.21/turn              q - +4 ring of protection
MPRegen  0.15/turn              (no ring)

@: lightly drained
A: change form in water, swift swim, stealthy swim
a: no special abilities


You were on level 7 of the Dungeon.
You were hungry.

You visited 1 branch of the dungeon, and saw 7 of its levels.

You collected 430 gold pieces.

Inventory:

Hand Weapons
 e - a +2 dagger of venom
 g - a +2 mace of holy wrath (weapon)
 m - a +0 dagger
 n - a +1 spear
Armour
 a - a +1 robe
 f - a +2 robe of positive energy (worn)
 k - a +2 scale mail of cold resistance
Jewellery
 q - a +4 ring of protection (left hand)
Wands
 o - a wand of paralysis (7)
Scrolls
 b - 3 scrolls of remove curse
 h - a scroll of silence {unknown}
 r - a scroll of teleportation
 s - a scroll of vulnerability {unknown}
 t - 2 scrolls of identify
 u - a scroll of enchant armour
Potions
 d - 3 potions of invisibility {unknown}
 i - 3 potions of magic
 j - 2 potions of might {unknown}
 l - 3 potions of agility
 p - a potion of heal wounds
 w - 2 potions of curing {unknown}
Comestibles
 c - 4 rations
 v - 2 chunks of flesh


   Skills:
 + Level 4.7(4.4) Fighting
 - Level 2.4(2.2) Polearms
 + Level 8.0(7.7) Dodging
 - Level 2.1(1.9) Stealth
 + Level 5.6(5.3) Spellcasting
 - Level 2.3(2.0) Conjurations
 + Level 7.2(6.9) Poison Magic


You had 9 spell levels left.
You knew the following spells:

 Your Spells              Type           Power        Failure   Level  Hunger
a - Sting                 Conj/Pois      ###.         2%          1    None
b - Poisonous Vapours     Pois/Air       ###...       4%          2    #......
c - Mephitic Cloud        Conj/Pois/Air  ##......     12%         3    ##.....
d - Olgreb's Toxic Radia  Pois           ####....     9%          4    ####...

Your spell library contained the following spells:

 Spells                   Type           Power        Failure   Level  Hunger
 Venom Bolt               Conj/Pois      ###.......   52%         5    ######.


Dungeon Overview and Level Annotations

Branches:
Dungeon (7/15)             Temple (0/1) D:5

Altars:
Cheibriados
Gozag
Vehumet
Zin

Shops:
D:4 *   D:6 :

Annotations:
D:2 Sigmund
D:3 exclusion: downstairs


Message History

You are feeling hungry.
You hit the wight.
The wight convulses.
The wight is lightly damaged.
The wight hits you with a +4 spear!
* * * LOW HITPOINT WARNING * * *
You hit the wight but do no damage.
The wight is lightly damaged.
The wight closely misses you. The wight hits you with a +4 spear.
* * * LOW HITPOINT WARNING * * *
You hit the wight but do no damage.
The wight is lightly damaged.
The wight misses you.
You hit the wight but do no damage.
The wight is lightly damaged.
The wight closely misses you. The wight hits you with a +4 spear.
* * * LOW HITPOINT WARNING * * *
You hit the wight.
The wight convulses.
The wight is heavily damaged.
The wight hits you with a +4 spear!
You die...

#### ######## ...#
######......# ...#
#....#......# ...#
#....#......# ...#
#....#......# ...#
#...z'......# ...#
###@##......# ...#
##...#.......# ...#
#....#.......# ...#####
##...#.........
...#...#######...+.........
...#....#....#...#.........
...#....#...##...#.........
...#....+...##...#.........
...'....#........####


You could see a wight.

Vanquished Creatures
  A hornet (D:4)
  2 hippogriffs (D:7)
  Edmund (D:6)
  An ice beast (D:6)
  A phantom (D:6)
  An ogre (D:4)
  A centaur (D:5)
  2 bullfrogs
  3 scorpions
  2 wights (D:7)
  A hound (D:6)
  6 orc wizards
  An orc priest (D:6)
  An iguana (D:7)
  A worker ant (D:7)
  A hound zombie (D:5)
  A howler monkey zombie (D:5)
  A howler monkey skeleton (D:5)
  6 adders
  2 shadow imps (D:6)
  2 oozes
  An adder skeleton (D:6)
  2 worms
  3 dart slugs
  6 leopard geckos
  26 orcs
  A ball python (D:3)
  2 giant cockroaches
  7 goblins
  A hobgoblin (D:2)
  5 kobolds
  2 quokkas (D:6)
  4 bats
  4 frilled lizards
  5 rats
107 creatures vanquished.

Notes
Turn   | Place    | Note
-------+----------+-------------------------------------------
     0 | D:1      | AarnesTheHuman the Merfolk Venom Mage began the quest for
                  | the Orb.
     0 | D:1      | Reached XP level 1. HP: 13/13 MP: 3/3
   198 | D:1      | Reached skill level 1 in Conjurations
   204 | D:1      | Reached XP level 2. HP: 19/19 MP: 1/5
   311 | D:1      | Reached skill level 3 in Dodging
   619 | D:1      | Learned a level 2 spell: Poisonous Vapours
  1291 | D:2      | Reached XP level 3. HP: 24/24 MP: 3/6
  1296 | D:2      | Learned a level 3 spell: Mephitic Cloud
  1370 | D:2      | Noticed Sigmund
  1966 | D:3      | Reached XP level 4. HP: 30/30 MP: 1/7
  2586 | D:4      | Found a radiant altar of Vehumet.
  2688 | D:4      | Found Fueg's Assorted Antiques.
  2716 | D:4      | Reached skill level 4 in Dodging
  2716 | D:4      | Reached XP level 5. HP: 35/35 MP: 1/9
  2833 | D:4      | Identified the +10 flail of Leidda {distort, rElec rF+}
  2851 | D:4      | Reached XP level 6. HP: 36/41 MP: 1/10
  2963 | D:4      | Learned a level 4 spell: Olgreb's Toxic Radiance
  3232 | D:4      | Noticed a hornet
  3246 | D:4      | Killed a hornet
  3246 | D:4      | Reached skill level 5 in Dodging
  3246 | D:4      | Reached skill level 5 in Poison Magic
  3246 | D:4      | Reached XP level 7. HP: 29/46 MP: 0/12
  3705 | D:5      | Entered Level 5 of the Dungeon
  3795 | D:4      | Reached skill level 1 in Fighting
  4279 | D:5      | Found a glowing silver altar of Zin.
  4279 | D:5      | Noticed an angel
  4392 | D:5      | Found a staircase to the Ecumenical Temple.
  4424 | D:5      | Reached skill level 6 in Dodging
  4455 | D:5      | Found an opulent altar of Gozag.
  5027 | D:6      | Reached XP level 8. HP: 56/56 MP: 14/14
  5171 | D:6      | Noticed Edmund
  5179 | D:6      | Killed Edmund
  5488 | D:6      | Reached skill level 7 in Dodging
  5593 | D:6      | Found Redeoce's Book Boutique.
  5814 | D:7      | Noticed a hippogriff
  5833 | D:7      | Killed a hippogriff
  5833 | D:7      | Reached skill level 5 in Spellcasting
  6340 | D:7      | Noticed a hippogriff
  6349 | D:7      | Killed a hippogriff
  6349 | D:7      | Reached XP level 9. HP: 60/66 MP: 10/17
  6376 | D:7      | Found a snail-covered altar of Cheibriados.
  6516 | D:7      | Reached skill level 8 in Dodging
  6523 | D:7      | Slain by a wight

Skill      XL: |  1  2  3  4  5  6  7  8  9 |
---------------+----------------------------+-----
Conjurations   | 1 2 |  2.3
Dodging        | 3 4 5 6 7 8 |  8.0
Poison Magic   | 4 5 7 |  7.2
Spellcasting   | 3 4 5 |  5.6
Polearms       | 2 |  2.4
Fighting       | 2 4 |  4.7
Stealth        | |  2.1

Action                   |  1- 3 |  4- 6 |  7- 9 || total
-------------------------+-------+-------+-------++-------
Melee: Unarmed           |     5 |       |       ||     5
       Dagger            |    33 |    55 |   165 ||   253
       Short sword       |     3 |       |       ||     3
       Spear             |       |    14 |       ||    14
       Mace              |       |       |    35 ||    35
 Cast: Sting             |    57 |    47 |    51 ||   155
       Poisonous Vapours |       |     5 |    16 ||    21
       Mephitic Cloud    |       |     2 |     1 ||     3
  Use: Scroll            |       |    11 |     2 ||    13
 Stab: Sleeping          |       |       |     3 ||     3
  Eat: Chunk             |     4 |     5 |     7 ||    16
       Ration            |       |       |     1 ||     1
Armor: Robe              |     2 |    15 |    56 ||    73
Dodge: Dodged            |    31 |    57 |   166 ||   254
